 Dungeon Crawl Stone Soup version 0.27-a0-1281-ge233d83751 (webtiles) character file.

Game seed: 15381487648868687076

2087 freelancePsychic the Ruffian (level 9, -2/68 HPs)
             Began as a Demonspawn Fighter on June 13, 2021.
             Was an Initiate of Gozag.
             Splashed by an acid dragon's acid (10 damage)
             ... on level 6 of the Dungeon.
             The game lasted 00:10:59 (7196 turns).

freelancePsychic the Ruffian (Demonspawn Fighter)   Turns: 7196, Time: 00:10:59

Health: -2/68      AC:  5    Str: 20    XL:     9   Next: 6%
Magic:  9/9        EV:  5    Int: 11    God:    Gozag
Gold:   239        SH:  9    Dex: 11    Spells: 8/8 levels left

rFire    . . .     SeeInvis .     - Unarmed
rCold    . . .     Faith    .   c - +0 kite shield
rNeg     . . .     Spirit   .   i - +0 plate armour
rPois    +         Reflect  .   (helmet restricted)
rElec    .         Harm     .   k - +0 cloak
rCorr    .         Rampage  .   (no gloves)
Will     +....                  (no boots)
Stlth    ..........             (no amulet)
HPRegen  0.21/turn              r - ring of poison resistance
MPRegen  0.22/turn              (no ring)

@: corroded, unable to read, studying Fighting
A: antennae 1, claws 1, talons 2, magic regeneration, clever 1, clumsy 1,
strong-willed 1, inability to read while threatened
a: Renounce Religion, Potion Petition, Call Merchant, Bribe Branch


You were on level 6 of the Dungeon.
You worshipped Gozag.
Gozag was aware of your devotion.
You visited 1 branch of the dungeon, and saw 6 of its levels.
You also visited: Sewer.

You collected 316 gold pieces.
You paid 77 gold pieces to Gozag.

Inventory:

Hand Weapons
 a - a +0 rapier
 h - a +0 arbalest
 q - a +1 vampiric dagger
 B - a +0 dagger
Missiles
 e - 5 curare-tipped darts (quivered)
 n - 18 bolts
Armour
 b - a +0 scale mail
 c - a +0 kite shield (worn)
 i - a +0 plate armour (worn)
 k - a +0 cloak (worn)
 y - a +0 chain mail of cold resistance
 C - a +2 ring mail of willpower
Jewellery
 r - a ring of poison resistance (left claw)
Wands
 d - a wand of digging (4)
 D - a wand of paralysis (7)
Scrolls
 f - a scroll of amnesia
 p - 3 scrolls of teleportation {@r4}
 s - 2 scrolls of fear
 t - a scroll of blinking {unknown}
 x - 2 scrolls of vulnerability {unknown}
 z - a scroll of enchant weapon {unknown}
 A - a scroll of enchant armour {unknown}
Potions
 g - a potion of ambrosia {unknown}
 j - 2 potions of berserk rage {unknown}
 l - 2 potions of heal wounds {unknown}
 m - 5 potions of degeneration {unknown}
 o - a potion of lignification {unknown}
 u - 2 potions of invisibility
 v - 2 potions of flight
 w - a potion of brilliance {unknown}


   Skills:
 + Level 5.1 Fighting
 - Level 2.2 Short Blades
 - Level 5.5 Armour
 + Level 6.3 Dodging
 - Level 2.9 Shields
 + Level 6.3 Unarmed Combat


You had 8 spell levels left.
You didn't know any spells.
Your spell library contained the following spells:

 Spells                   Type           Power      Damage    Failure   Level
 Shock                    Conj/Air       0%         1d3       100%        1
 Static Discharge         Conj/Air       0%         N/A       100%        2
 Swiftness                Air            0%         N/A       100%        3
 Airstrike                Air            0%         N/A       100%        4
 Lightning Bolt           Conj/Air       0%         1d11      100%        5


Dungeon Overview and Level Annotations

Branches:
Dungeon (6/15)              Sewer (visited)
 Temple: D:4-7

Altars:
Elyvilon
Gozag
Trog
The Shining One

Annotations:
D:3 3 runed translucent doors, CowFu's ghost, amateur GnFi


Innate Abilities, Weirdness & Mutations

You have a pair of small antennae on your head.
You have sharp fingernails.
You have razor-sharp toenails.
You regenerate magic rapidly.
Your mind is acute. (Int +2)
You are clumsy. (Dex -2)
You are strong-willed. (Will+)
You sometimes lose the ability to read scrolls when taking damage.


Message History

You are too injured to fight recklessly!
You are too injured to fight recklessly!
You are too injured to fight recklessly!
You are too injured to fight recklessly!
You are too injured to fight recklessly!
You are too injured to fight recklessly!
You are too injured to fight recklessly!
You are too injured to fight recklessly!
You are too injured to fight recklessly!
You are too injured to fight recklessly!
You are too injured to fight recklessly!
You barely miss the acid dragon. You claw the acid dragon.
The acid dragon is lightly wounded.
The acid dragon bites you!
You feel threatened and lose the ability to read scrolls!
The acid dragon claws you but does no damage.
Throw: 6 darts (curare)
Press: ? - help, Q - select action, (/) - cycle Shift-Dir - straight line, f - acid dragon
Aim: an acid dragon (lightly wounded, catching its breath, 54% to hit)
You throw a curare-tipped dart.
The curare-tipped dart barely misses the acid dragon.
The acid dragon spits acid at you. The splash of acid hits you!
The acid corrodes you!
You are splashed with acid!
* * * LOW HITPOINT WARNING * * *
You block the acid dragon's attack.
The acid dragon claws you but does no damage.
Your plate armour prevents you from hitting the acid dragon.
You claw the acid dragon, but do no damage.
The acid dragon is lightly wounded.
You block the acid dragon's attack.
The acid dragon claws you but does no damage.
Okay, then.
You cannot read scrolls in your current state!
Unknown command.
The acid dragon spits acid at you. The splash of acid hits you!
* * * LOW HITPOINT WARNING * * *
The acid corrodes you!
You are splashed with acid!
You die...
Your body crumbles into a pile of gold.

#.#.#.#..# #
##.#.#.#..####.########
#...........##.......##
#..###.#.#..#.########.##
#......#.####.###.##
#.#<####.....#......
..##.# ####.###...## ##.
#.# ##.#.#### .. #@#
##.## ### #.########...##
#D............#
#(#####.##....# #.#
#.###.#.# #.# #.# ###.#
#.# #.# #.# #.# #.# #.#
#.# #.# #.#


You could see an acid dragon (catching breath).

Vanquished Creatures
  A two-headed ogre (D:4)
  Eustachio (D:4)
  A water moccasin (D:6)
  3 sky beasts
  A black bear (D:5)
  A phantom (D:6)
  Blork the orc (D:4)
  A scorpion (D:5)
  A water moccasin zombie (D:5)
  A wyvern skeleton (D:5)
  A howler monkey (D:4)
  A hound (D:5)
  2 jellies (D:5)
  A bullfrog skeleton (D:5)
  A centaur skeleton (D:5)
  An iguana (D:5)
  4 orc wizards (D:4)
  Terence (D:3)
  5 gnolls (D:5)
  5 adders
  A white imp (D:6)
  2 adder skeletons
  5 worms
  2 dart slugs (D:1)
  13 orcs
  9 bats
  12 endoplasms
  5 giant cockroaches
  4 goblins
  3 hobgoblins
  7 jackals
  7 quokkas
  9 ball pythons
  4 frilled lizards
  4 kobolds
  5 rats
126 creatures vanquished.

Vanquished Creatures (others)
  A quokka (D:4)
1 creature vanquished.

Grand Total: 127 creatures vanquished

Notes
Turn   | Place    | Note
-------+----------+-------------------------------------------
     0 | D:1      | freelancePsychic the Demonspawn Fighter began the quest for
                  | the Orb.
     0 | D:1      | Reached XP level 1. HP: 18/18 MP: 1/1
   286 | D:1      | Gained mutation: You regenerate magic rapidly. [demonic
                  | ancestry]
   286 | D:1      | Reached XP level 2. HP: 17/24 MP: 2/2
   429 | D:1      | Found a faded altar of an unknown god.
  1071 | D:1      | Gained mutation: Your muscles are strong. (Str +2) [potion
                  | of mutation]
  1071 | D:1      | Lost mutation: Your muscles are strong. (Str +2) [potion of
                  | mutation]
  1071 | D:1      | Gained mutation: You are frail. (-10% HP) [potion of
                  | mutation]
  1071 | D:1      | Gained mutation: You have large cloven feet. [potion of
                  | mutation]
  1072 | D:1      | Lost mutation: You are frail. (-10% HP) [potion of
                  | mutation]
  1072 | D:1      | Lost mutation: You have large cloven feet. [potion of
                  | mutation]
  1072 | D:1      | Gained mutation: Your mind is acute. (Int +2) [potion of
                  | mutation]
  1072 | D:1      | Gained mutation: You sometimes lose the ability to read
                  | scrolls when taking damage. [potion of mutation]
  1072 | D:1      | Gained mutation: You are clumsy. (Dex -2) [potion of
                  | mutation]
  1072 | D:1      | Gained mutation: You are strong-willed. (Will+) [potion of
                  | mutation]
  1164 | D:2      | Gained mutation: You have sharp toenails. [demonic
                  | ancestry]
  1164 | D:2      | Reached XP level 3. HP: 29/29 MP: 3/3
  1915 | D:3      | Noticed a bullfrog
  2034 | D:3      | Found a runed translucent gate.
  2034 | D:3      | Found a runed translucent gate.
  2034 | D:3      | Found a runed translucent gate.
  2034 | D:3      | Noticed CowFu's ghost (amateur GnFi)
  2257 | D:3      | Noticed Terence
  2273 | D:3      | Killed Terence
  2274 | D:3      | Reached skill level 1 in Dodging
  2274 | D:3      | Reached skill level 1 in Unarmed Combat
  2274 | D:3      | Gained mutation: You have razor-sharp toenails. [demonic
                  | ancestry]
  2274 | D:3      | Reached XP level 4. HP: 22/35 MP: 4/4
  2884 | D:4      | Noticed Eustachio
  3021 | D:4      | Gained mutation: You have sharp fingernails. [demonic
                  | ancestry]
  3021 | D:4      | Reached XP level 5. HP: 28/41 MP: 5/5
  3036 | D:4      | Found a glowing drain.
  3058 | Sewer    | Entered a sewer
  4116 | D:4      | Noticed Blork the orc
  4140 | D:4      | Killed Blork the orc
  4249 | D:4      | Reached XP level 6. HP: 41/47 MP: 6/6
  4300 | D:4      | Killed Eustachio
  4963 | D:4      | Noticed a two-headed ogre
  4980 | D:4      | Killed a two-headed ogre
  4981 | D:4      | Reached skill level 5 in Armour
  4981 | D:4      | Reached XP level 7. HP: 28/52 MP: 7/7
  4981 | D:4      | Reached XP level 8. HP: 31/58 MP: 8/8
  5272 | D:5      | Entered Level 5 of the Dungeon
  5365 | D:5      | Reached skill level 5 in Dodging
  5388 | D:5      | Reached skill level 5 in Unarmed Combat
  6358 | D:5      | Found an opulent altar of Gozag.
  6358 | D:5      | Found a bloodstained altar of Trog.
  6627 | D:5      | Became a worshipper of Gozag Ym Sagoz the Greedy
  7045 | D:6      | Gained mutation: You have a pair of small antennae on your
                  | head. [demonic ancestry]
  7045 | D:6      | Reached XP level 9. HP: 64/67 MP: 9/9
  7082 | D:6      | Reached skill level 5 in Fighting
  7196 | D:6      | Splashed by an acid dragon's acid

Illustrated notes

Levels and vault maps discovered:
D:1:      eino_arrival_druids_welcome, layout_loops_ring,
          ebering_ecumenical_altar_sacrificial
D:2:      layout_loops_ring, nrook_loot_triangle
D:3:      layout_basic, gammafunk_ghost_split, uniq_terence
D:4:      layout_cave_pools, elyvilon_altar_4, portal_sewer_entry_f,
          uniq_blork_the_orc, uniq_eustachio
D:5:      layout_loops_ring, nicolae_tso_swordbearing_angel,
          gammafunk_temple_overflow_elements, minmay_manual_monstrance
D:6:      layout_loops_ring, kennysheep_generic_room_9, uniq_maggie, uniq_pikel

Skill      XL: |  1  2  3  4  5  6  7  8  9 |
---------------+----------------------------+-----
Short Blades   | 2 |  2.2
Armour         | 3 4 5 |  5.5
Dodging        | 1 2 4 6 |  6.3
Unarmed Combat | 1 2 4 6 |  6.3
Fighting       | 4 5 |  5.1
Shields        | |  2.9

Action                   |  1- 3 |  4- 6 |  7- 9 || total
-------------------------+-------+-------+-------++-------
Melee: Rapier            |   135 |     6 |       ||   141
       Kick              |    15 |    60 |    55 ||   130
       Dagger            |       |   227 |    61 ||   288
       Unarmed           |       |       |   151 ||   151
Throw: Dart              |       |     9 |    10 ||    19
  Use: Scroll            |     5 |       |       ||     5
       Potion            |     3 |     4 |       ||     7
 Stab: Invisible         |       |     1 |       ||     1
Armor: Scale mail        |    73 |   118 |       ||   191
       Plate armour      |       |       |    83 ||    83
       Chain mail        |       |       |    59 ||    59
Dodge: Dodged            |    45 |   115 |    40 ||   200
Block: Kite shield       |    61 |   145 |   102 ||   308

Table legend: (Time is in decaauts)
 A = Elapsed time spent in this place.
 B = Non-inter-level travel time spent in this place.
 C = Inter-level travel time spent in this place.
 D = Time resting spent in this place.
 E = Time spent auto-exploring this place.
 F = Levels seen in this place.
 G = Mean time per level.
                   A        B        C        D        E       F      G
               +--------+--------+--------+--------+--------+-----+--------+
         Total |   7466 |   7218 |    248 |    541 |   5343 |   7 | 1066.6 |
       Dungeon |   6258 |   6010 |    248 |    278 |   4682 |   6 | 1043.0 |
         Sewer |   1208 |   1208 |      0 |    263 |    661 |   1 | 1208.0 |
               +--------+--------+--------+--------+--------+-----+--------+

Top non-repeatable levels by time:
     D:5: 1499 daAuts
     D:4: 1331 daAuts
   Sewer: 1208 daAuts
     D:3: 1204 daAuts
     D:1: 1139 daAuts
     D:2: 631 daAuts
     D:6: 451 daAuts
